 Dungeon Crawl Stone Soup version 0.29.1-1-gd02db6906a (webtiles) character file.

Game seed: 2990555563027992871

9038 Colgate the Struggler (level 11, 0/93 HPs)
             Began as a Formicid Hunter on Oct 3, 2022.
             Was an Initiate of Okawaru.
             Slain by Snorg (5 damage)
             ... on level 10 of the Dungeon.
             The game lasted 00:50:53 (13578 turns).

Colgate the Struggler (Formicid Hunter)            Turns: 13578, Time: 00:50:54

Health: 0/93       AC: 23    Str: 21    XL:     11   Next: 67%
Magic:  19/19      EV:  2    Int: 10    God:    Okawaru [......]
Gold:   476        SH: 12    Dex: 21    Spells: 10/10 levels left

rFire   . . .      SeeInvis +   M - +2 halberd (distort)
rCold   . . .      Faith    .   i - +0 kite shield
rNeg    . . .      Spirit   .   P - +1 crystal plate armour
rPois   .          Reflect  .   (helmet unavailable)
rElec   +          Harm     .   r - +2 cloak
rCorr   .          Rampage  .   (no gloves)
Will    +....                   I - +0 pair of boots
Stlth   ..........              (no amulet)
HPRegen 0.25/turn               j - ring "Luseck" {rElec Str+6}
MPRegen 0.16/turn               v - +4 ring of protection

@: mighty
A: permanent stasis, dig shafts and tunnels, antennae 3, four strong arms
a: Dig, Shaft Self, Renounce Religion


You were on level 10 of the Dungeon.
You worshipped Okawaru.
Okawaru was noncommittal.
You visited 2 branches of the dungeon, and saw 11 of its levels.
You also visited: Ossuary.

You collected 476 gold pieces.

Inventory:

Hand Weapons
 a - a +0 shortbow
 b - a +2 scimitar
 y - a +0 glaive of protection
 M - a +2 halberd of distortion (weapon)
 O - the +9 rapier "Takhlusae" {freeze, rC+ Int-3 Dex+6}
   (You found it on level 10 of the Dungeon)

   It freezes those it strikes, dealing additional cold damage.
   It can also slow down cold-blooded creatures.
   Int:       It affects your intelligence (-3).
   Dex:       It affects your dexterity (+6).
   rC:        It protects you from cold.
Armour
 i - a +0 kite shield (worn)
 r - a +2 cloak (worn)
 H - the +2 ring mail of Rationality {rN+ Will+}
   (You found it on level 7 of the Dungeon)

   rN:        It protects you from negative energy.
   Will:      It increases your willpower.
 I - a +0 pair of boots (worn)
 L - +2 steam dragon scales
 P - a +1 crystal plate armour (worn)
Jewellery
 j - the ring "Luseck" (left hand) {rElec Str+6}
   (You found it on level 4 of the Dungeon)

   [ring of strength]

   Str:       It affects your strength (+6).
   rElec:     It insulates you from electricity.
 v - a +4 ring of protection (right hand)
Wands
 s - a wand of flame (42)
 w - a wand of roots (14) {@v2}
 A - a wand of polymorph (1)
 N - a wand of digging (3) {@v3}
Scrolls
 c - 4 scrolls of immolation
 d - 2 scrolls of blinking {unknown}
 e - 6 scrolls of teleportation {@r3}
 f - 3 scrolls of silence
 g - 6 scrolls of magic mapping {@r5}
 h - 2 scrolls of noise
 l - a scroll of brand weapon
 m - a scroll of poison
 t - 3 scrolls of fear
 x - a scroll of amnesia {unknown}
 C - a scroll of fog {unknown}
 F - a scroll of enchant weapon {unknown}
 K - a scroll of vulnerability {unknown}
Potions
 k - a potion of experience {unknown}
 o - 4 potions of invisibility
 p - 6 potions of berserk rage
 q - 2 potions of attraction
 u - 8 potions of curing {@q1}
 z - 4 potions of lignification
 B - 2 potions of haste {@q4}
 D - a potion of mutation {unknown}
 E - 3 potions of brilliance
 G - 2 potions of might {@q3}
 J - a potion of resistance {@q5}


   Skills:
 - Level 11.0 Fighting
 - Level 1.0 Long Blades
 - Level 8.1 Polearms
 - Level 4.0 Ranged Weapons
 + Level 0.0 Armour
 - Level 3.1 Dodging
 - Level 2.0 Stealth
 - Level 7.4 Shields
 - Level 11.0 Invocations
 - Level 3.4 Evocations


You had 10 spell levels left.
You didn't know any spells.
Your spell library contained the following spells:

 Spells                   Type           Power      Damage    Failure   Level
 Freeze                   Ice            0%         1d3       100%        1
 Frozen Ramparts          Ice            0%         1d1       100%        3
 Gell's Gravitas          Tloc           0%         N/A       100%        3
 Lesser Beckoning         Tloc           0%         N/A       100%        3
 Teleport Other           Tloc           0%         N/A       100%        3
 Hailstorm                Conj/Ice       0%         3d3       100%        4


Dungeon Overview and Level Annotations

Branches:
Dungeon (10/15)            Temple (1/1) D:4            Lair (0/5) D:8
Ossuary (visited)
    Orc: D:9-12

Altars:
Ashenzari
Cheibriados
Dithmenos
Elyvilon
Fedhas
Gozag
Hepliaklqana
Kikubaaqudgha
Makhleb
Nemelex Xobeh
Okawaru
Qazlal
Ru
Sif Muna
Trog
Uskayaw
Vehumet
Wu Jian
Xom
Yredelemnul
Zin
The Shining One

Annotations:
D:10 Snorg


Innate Abilities, Weirdness & Mutations

You cannot be hasted, slowed, berserked, paralysed or teleported.
You can dig through walls and to a lower floor.
You have a pair of large antennae on your head. (SInv)
Your four strong arms can wield two-handed weapons with a shield.


Message History

The grasping roots constrict Snorg!
Snorg struggles to escape constriction.
Reach: M) +2 halberd (distort)
Aim: Snorg (severely wounded, berserk, constricted by roots, about 6% to evade your +2 halberd of distortion)
You reach to attack!
You impale Snorg!!
Space warps around Snorg.
The grasping roots constrict Snorg!
Snorg escapes!
Snorg bites you.
* * * LOW HITPOINT WARNING * * *
You block Snorg's attack. Snorg claws you but does no damage.
You feel much better. Snorg bites you!
* * * LOW HITPOINT WARNING * * *
Snorg claws you!
* * * LOW HITPOINT WARNING * * *
Snorg claws you.
* * * LOW HITPOINT WARNING * * *
You block Snorg's attack. x2; Snorg claws you but does no damage.
You feel much better. You block Snorg's attack. Snorg claws you!
* * * LOW HITPOINT WARNING * * *
Snorg claws you but does no damage.
Okay, then.
Here: Snorg (almost dead, berserk)
An open door, spattered with blood.
Unknown command.
Aiming: Polymorph
Aim: Snorg (almost dead, berserk, will become a guardian serpent, a human, or a salamander, chance to affect: 24%)
Okay, then.
Unknown command.
Here: Snorg (almost dead, berserk)
An open door, spattered with blood.
Unknown command.
Here: Snorg (almost dead, berserk)
An open door, spattered with blood.
Unknown command.
Here: Snorg (almost dead, berserk)
An open door, spattered with blood.
Unknown command.
You barely miss Snorg. You block Snorg's attack. Snorg claws you!
* * * LOW HITPOINT WARNING * * *
Snorg claws you but does no damage. You block Snorg's attack.
Snorg claws you but does no damage. You block Snorg's attack.
You closely miss Snorg. Snorg bites you.
You die...

#.......#.###################..
#.......#....○○○.......$$$$$#..
#.......#####################..
#..............................
#...................###########
###.........######....#......>..#
.........>..#....#....#.........#
####........#....#....#.........#
#........#.).@T....#.........#
####........######....#.........#
#.....................#.........#
#.##############......##'########
#.# #................. #.#
#......#####...... #.#
#......+...#...... #.#
#......#...####### #.#
#......#..........


You could see Snorg (berserk).

Vanquished Creatures
  Gastronok (D:8)
  Maggie (D:8)
  A komodo dragon (D:10)
  A hornet (D:9)
  Grinder (D:6)
  Prince Ribbit (D:5)
  A wyvern (D:9)
  4 yaks (D:9)
  4 wraiths
  A vampire (D:10)
  Grum (D:8)
  Eustachio (D:5)
  Edmund (D:5)
  Menkaure (D:4)
  A water moccasin (D:8)
  2 orc warriors
  2 ice beasts
  3 sky beasts
  2 wolves (D:8)
  2 centaurs
  A phantom (D:5)
  2 kobold brigands
  Blork the orc (D:6)
  3 bullfrogs
  2 necrophages
  2 scorpions (D:5)
  5 wights (D:6)
  5 killer bees (D:9)
  10 howler monkeys
  A crimson imp (D:9)
  2 jellies (D:6)
  3 orc priests
  A gnoll bouda (D:6)
  2 hounds (D:5)
  3 iguanas
  Ijyb (D:3)
  7 orc wizards
  A mummy (Ossuary)
  13 gnolls
  9 adders
  A white imp (D:6)
  5 worms
  4 dart slugs
  23 orcs
  6 ball pythons
  8 endoplasms
  A giant cockroach (D:2)
  5 hobgoblins
  2 jackals (D:3)
  10 kobolds
  6 quokkas
  3 bats
  2 frilled lizards
  3 gnoll skeletons (Ossuary)
  4 kobold skeletons (Ossuary)
  18 orc skeletons (Ossuary)
  3 rats
210 creatures vanquished.

Vanquished Creatures (others)
  A moth of wrath (shapeshifter) (D:10)
  An unseen horror (D:10)
  2 orc wizards
  3 orcs (D:8)
  5 fungi (D:8)
  7 plants (D:8)
19 creatures vanquished.

Grand Total: 229 creatures vanquished

Notes
Turn   | Place    | Note
-------+----------+-------------------------------------------
     0 | D:1      | Colgate the Formicid Hunter began the quest for the Orb.
     0 | D:1      | Reached XP level 1. HP: 16/16 MP: 1/1
   228 | D:1      | Reached XP level 2. HP: 17/23 MP: 2/2
   348 | D:1      | Reached XP level 3. HP: 29/29 MP: 3/3
   550 | D:1      | Found a faded altar of an unknown god.
   560 | D:1      | Prayed at the altar of an unknown god.
   560 | D:1      | Became a worshipper of Elyvilon the Healer
   560 | D:1      | Reached * piety under Elyvilon
   976 | D:2      | Reached XP level 4. HP: 38/38 MP: 4/4
  1206 | D:2      | Found a shimmering blue altar of Sif Muna.
  1233 | D:2      | Reached ** piety under Elyvilon
  1464 | D:2      | Reached skill level 5 in Fighting
  1884 | D:3      | Reached XP level 5. HP: 44/44 MP: 5/5
  1891 | D:3      | You fall into a shaft and drop 1 floor!
  2091 | D:4      | Noticed Menkaure
  2470 | D:3      | Reached *** piety under Elyvilon
  2488 | D:3      | Noticed Ijyb
  2508 | D:3      | Killed Ijyb
  2509 | D:3      | Reached skill level 1 in Shields
  3184 | D:4      | Found an iron altar of Okawaru.
  3399 | D:4      | Reached skill level 1 in Invocations
  3579 | D:4      | Found a staircase to the Ecumenical Temple.
  3579 | D:4      | Identified the ring "Luseck" {rElec Str+6}
  3658 | Temple   | Entered the Ecumenical Temple
  3864 | D:4      | Reached XP level 6. HP: 36/51 MP: 6/6
  4062 | D:5      | Entered Level 5 of the Dungeon
  4230 | D:5      | Reached **** piety under Elyvilon
  4334 | D:5      | Noticed Edmund
  4419 | D:5      | Reached XP level 7. HP: 47/56 MP: 7/9
  4506 | D:5      | Noticed Prince Ribbit
  4507 | D:5      | Noticed Eustachio
  4790 | D:5      | Reached skill level 5 in Invocations
  4863 | D:5      | Reached XP level 8. HP: 62/64 MP: 11/11
  5803 | D:6      | Noticed Blork the orc
  5817 | D:6      | Killed Blork the orc
  6164 | D:6      | Noticed Dowan
  6223 | D:6      | Pacified Dowan
  6223 | D:6      | Pacified Duvessa
  6257 | D:6      | Noticed Duvessa
  6283 | D:6      | Noticed Grinder
  6293 | D:6      | Reached XP level 9. HP: 66/69 MP: 15/15
  6321 | D:6      | Killed Grinder
  7018 | D:6      | Reached skill level 5 in Shields
  7132 | D:6      | Found a white marble altar of Elyvilon.
  7346 | D:6      | Found a hazy altar of Hepliaklqana.
  7501 | D:5      | Killed Eustachio
  7549 | D:5      | Killed Prince Ribbit
  7627 | D:5      | Killed Edmund
  7759 | D:4      | Killed Menkaure
  7870 | D:3      | You fall into a shaft and drop 1 floor!
  7909 | D:3      | You fall into a shaft and drop 1 floor!
  8137 | D:7      | Found a sand-covered staircase.
  8142 | Ossuary  | Entered an ossuary
  8310 | Ossuary  | Reached skill level 10 in Invocations
  8310 | Ossuary  | Reached XP level 10. HP: 55/80 MP: 17/17
  8960 | D:7      | Identified the +2 ring mail of Rationality {rN+ Will+}
  9730 | D:8      | Noticed Gastronok
 10060 | D:8      | Killed Gastronok
 10142 | D:8      | Reached skill level 10 in Fighting
 10327 | D:8      | Found a staircase to the Lair.
 10364 | D:8      | Noticed Maggie
 10365 | D:8      | Noticed Grum
 10386 | D:8      | Killed Grum
 10406 | D:8      | Killed Maggie
 10415 | D:8      | Reached skill level 1 in Long Blades
 10872 | D:9      | Reached skill level 1 in Polearms
 10872 | D:9      | Reached XP level 11. HP: 81/93 MP: 14/19
 11101 | D:9      | Reached skill level 5 in Polearms
 11984 | D:9      | Found a burning altar of Makhleb.
 11985 | D:9      | Found a radiant altar of Vehumet.
 12172 | D:10     | Entered Level 10 of the Dungeon
 12198 | D:10     | Identified the +9 rapier "Takhlusae" {freeze, rC+ Int-3
                  | Dex+6}
 12267 | D:10     | Noticed a manticore
 12267 | D:10     | Noticed a tengu warrior
 12268 | D:10     | Pacified a manticore
 12269 | D:10     | Noticed a fire crab
 12269 | D:10     | a black mamba changed into a fire crab
 12273 | D:10     | Pacified a tengu warrior
 12277 | D:10     | Noticed a moth of wrath
 12277 | D:10     | a fire crab changed into a moth of wrath
 12277 | D:10     | Killed a moth of wrath
 12810 | D:4      | Fell from the grace of Elyvilon
 12815 | D:4      | Became a worshipper of Warmaster Okawaru
 13356 | D:10     | Found an ornate altar of the Wu Jian Council.
 13559 | D:10     | Noticed Snorg
 13577 | D:10     | HP: 4/93 [Snorg (14)]
 13578 | D:10     | Slain by Snorg

Illustrated notes

Levels and vault maps discovered:
D:1:      psy_arrival_basics, layout_basic, ebering_ecumenical_altar_webs
D:2:      layout_loops_ring, basic_altar
D:3:      layout_basic, uniq_ijyb
D:4:      layout_basic, general_overflow_altar, minmay_temple_entry_slanted,
          minmay_door_square, uniq_menkaure
D:5:      layout_loops_ring, uniq_eustachio, uniq_edmund, uniq_prince_ribbit1
D:6:      layout_loops_corners, kennysheep_little_box,
          lemuel_coloured_pillars_altar, uniq_duvessa, uniq_grinder,
          uniq_blork_the_orc
D:7:      layout_layer_cave, enter_ossuary_2
D:8:      layout_basic, dpeg_oklobed_lair, uniq_grum, uniq_gastronok,
          uniq_maggie
D:9:      layout_basic, grunt_temple_overflow_lords_of_destruction,
          minmay_diced_spiral
D:10:     lemuel_ice_spiral_2, layout_irregular_city, nzn_wu_jian_contemplation,
          minmay_radiant, uniq_snorg
Temple:   nicolae_temple_slightly_damp_pantheon

Skill      XL: |  1  2  3  4  5  6  7  8  9 10 11 |
---------------+----------------------------------+-----
Fighting       | 3 4 5 6 7 11 | 11.0
Shields        | 1 3 7 |  7.4
Invocations    | 1 3 5 8 10 11 | 11.0
Evocations     | 2 3 |  3.4
Stealth        | 2 |  2.0
Dodging        | 2 3 |  3.1
Long Blades    | 1 |  1.0
Polearms       | 1 8 |  8.1
Ranged Weapons | |  4.0

Action                   |  1- 3 |  4- 6 |  7- 9 | 10-12 || total
-------------------------+-------+-------+-------+-------++-------
Melee: Scimitar          |       |       |    17 |    61 ||    78
       Halberd           |       |       |       |   144 ||   144
 Fire: Shortbow          |    40 |   192 |   402 |   145 ||   779
Invok: Heal Self         |       |       |     6 |     8 ||    14
       Heal Other        |       |       |     1 |    14 ||    15
       Renounce Religion |       |       |       |     1 ||     1
 Abil: Dig               |       |     1 |     1 |       ||     2
       Shaft Self        |       |       |     2 |       ||     2
Evoke: Wand              |       |       |       |     1 ||     1
  Use: Scroll            |       |     7 |     3 |    10 ||    20
       Potion            |       |     1 |       |     5 ||     6
Armor: Leather armour    |     5 |    20 |    13 |       ||    38
       Robe              |       |       |    33 |    45 ||    78
       Steam dragon scal |       |       |       |    31 ||    31
       Crystal plate arm |       |       |       |    26 ||    26
Dodge: Dodged            |     5 |    29 |    82 |   135 ||   251
Block: Kite shield       |     5 |    35 |   116 |   200 ||   356
